cohdb
Replays
Latest Replays
All Replays
Popular Replays
Top Player Replays
Match Explorer
How It Works
Community
CoH3 Stats
Reddit
Sign in to upload your games and track your stats! →
Sign in with Steam
Match 39646045
Unlisted
Match 39646045
Overview
Messages
Build Orders
End
Construct Section Command Post
Infantry Section
Infantry Section
Infantry Section
Construct Field Infirmary
Construct Platoon Command Post
Infantry Section
Humber Armored Car
Selects Heavy Armor Battlegroup
Selects Rigorous Vehicle Training
Selects Forward Repair Assembly
Royal Engineer Section
Selects Light Vehicle Withdraw and Refit
Infantry Training
Construct Company Command Post
Selects UNKNOWN (202330)
Foot Guards Section
Crusader AA Medium Tank
jdrigo
Iron torrent
qUiBbLe WiBbLe
Nashorn101
0
0
Comments
sign in to comment!
No comments posted yet!